 Dungeon Crawl Stone Soup version 0.24-a0-459-g225fefd530 (webtiles) character file.

Game seed: 1682780024624055928

25500 Krouwed the Warrior (level 13, -1/152 HPs)
             Began as an Ogre Berserker on June 28, 2019.
             Was a High Priest of Trog.
             Shot with an arrow by a centaur (2 damage)
             ... on level 12 of the Dungeon.
             The game lasted 00:37:46 (16400 turns).

Krouwed the Warrior (Ogre Berserker)               Turns: 16400, Time: 00:37:46

Health: -1/152     AC: 10    Str: 29    XL:     13   Next: 20%
Magic:  14/14      EV: 11    Int:  8    God:    Trog [*****.]
Gold:   522        SH:  2    Dex:  7    Spells: 12/12 levels left

rFire    . . .     SeeInvis .   F - +8 mace of Rizet {drain, rPois Str+3 Dex-3}
rCold    . . .     Gourm    .   (no shield)
rNeg     . . .     Faith    .   s - +2 robe {MR+}
rPois    +         Spirit   .   G - +2 hat
rElec    .         Reflect  +   r - +2 cloak
rCorr    +         Harm     .   (gloves unavailable)
MR       ++...                  (boots unavailable)
Stlth    +.........             b - +2 amulet of reflection
HPRegen  0.35/turn              z - ring of poison resistance
MPRegen  0.14/turn              a - ring of resist corrosion

@: lethally poisoned (-1 -> -7), marked, berserk cooldown, slowed, lightly
drained, very slow
A: large, unfitting armour, tough skin 1
a: Berserk, Trog's Hand, Brothers in Arms, Renounce Religion


You were on level 12 of the Dungeon.
You worshipped Trog.
Trog was extremely pleased with you.
You were near starving.

You visited 2 branches of the dungeon, and saw 13 of its levels.

You collected 876 gold pieces.
You spent 354 gold pieces at shops.

Inventory:

Hand Weapons
 x - a +4 giant spiked club
 F - the +8 mace of Rizet (weapon) {drain, rPois Str+3 Dex-3}
   (You found it on level 7 of the Dungeon)

   A truly terrible weapon, it drains the life of those it strikes.
   It affects your strength (+3).
   It affects your dexterity (-3).
   It protects you from poison.
Missiles
 B - 18 large rocks (quivered)
 K - 3 silver javelins
 N - 5 boomerangs
 O - 10 silver boomerangs
 P - 2 atropa-tipped darts
 Q - 7 datura-tipped darts
 R - 26 poisoned darts
 S - 2 javelins
Armour
 l - a +1 robe of cold resistance
 r - a +2 cloak (worn)
 s - a +2 robe of magic resistance (worn)
 G - a +2 hat (worn)
Jewellery
 a - a ring of resist corrosion (right hand)
 b - a +2 amulet of reflection (around neck)
 v - an uncursed ring of see invisible
 z - a ring of poison resistance (left hand)
 A - an uncursed ring of protection from cold
 J - an uncursed amulet of regeneration {unknown}
Wands
 d - a wand of flame (40)
 q - a wand of random effects (24)
 H - a wand of polymorph (2)
 I - a wand of iceblast (2)
Scrolls
 h - a scroll of enchant armour
 n - 13 scrolls of remove curse
 o - 2 scrolls of holy word
 t - 2 scrolls of fog
 w - a scroll of enchant weapon
 C - 3 scrolls of teleportation
Potions
 e - a potion of brilliance
 f - 3 potions of flight
 g - 2 potions of mutation
 i - a potion of cancellation
 j - 2 potions of might
 m - 2 potions of degeneration
 p - 2 potions of curing {unknown}
 u - 2 potions of ambrosia
 D - a potion of lignification
 E - 2 potions of invisibility
 M - 2 potions of agility {unknown}
Comestibles
 c - 12 rations


   Skills:
 + Level 15.8(15.2) Fighting
 + Level 12.0(11.5) Maces & Flails
 + Level 10.7(10.2) Throwing
 + Level 6.2(5.7) Dodging
 - Level 2.0(1.6) Evocations


You had 12 spell levels left.
You didn't know any spells.
Your spell library was empty.

Dungeon Overview and Level Annotations

Branches:
Dungeon (12/15)            Temple (1/1) D:7            Lair (0/6) D:11
    Orc (0/2) D:12

Altars:
Ashenzari
Cheibriados
Dithmenos
Elyvilon
Fedhas
Gozag
Hepliaklqana
Kikubaaqudgha
Makhleb
Nemelex Xobeh
Okawaru
Qazlal
Ru
Sif Muna
Trog
Uskayaw
Vehumet
Wu Jian
Xom
Yredelemnul
Zin
The Shining One

Shops:
D:6 **   D:7 =*(

Annotations:
D:7 1 runed translucent door, exclusion: door, Crazy Yiuf
D:12 2 transporters, firegrace's ghost, journeyman GrBe


Innate Abilities, Weirdness & Mutations

You are too large for most types of armour.
You have tough skin. (AC +1)


Message History

You feel sick.
You feel your anger nearly subside.
You are no longer berserk.
You are exhausted.
You feel yourself slow down.
You feel sick.
You feel very sick.
You feel very sick.
A centaur comes into view.
You feel sick.
A centaur comes into view.
You feel very sick. The red ugly thing headbutts you!
* * * LOW HITPOINT WARNING * * *
You are engulfed in flames!!
* * * LOW HITPOINT WARNING * * *
There is an escape hatch in the floor here.
You can't go up here!
You can't go up here!
* * * LOW HITPOINT WARNING * * *
You feel sick.
The centaur shoots an arrow.
The arrow hits you.
You die...

#.# #.#........# #.####
#.# #.#........####.....
#.# #.#........'........
#.#####.#........####.####
#.......#........# #.#,+.
****##########........#
#'###.
*,,,..................#
#..##.
**,**###......#.......#
#(.##. *,*
#......@.......# #(###.
*,* #(...cu#####.###
#...#. *,* ##....c.#,,,*.#
#...#' *,* #.....#o#,*,*,#
#.).#. *,* #.....#c#,*,*,*
#[#### *,* #.....#c#,*,*,*
#....# *,* #.†..c#.#,,,*,*
#)...# *,* #...).#c#,***,*
#.(..# *,* #....c#.#,,,*,*
#....#


You could see a red ugly thing, an orc warrior and 5 centaurs.

Vanquished Creatures
  Jorgrun (D:12)
  Snorg (D:11)
  3 hydras
  2 centaur warriors (D:12)
  2 two-headed ogres (D:12)
  Nergalle (D:12)
  2 unseen horrors
  An orc knight (D:12)
  2 ugly things (D:11)
  3 manticores (D:12)
  5 cyclopes
  A kobold demonologist (D:12)
  An efreet (D:12)
  A freezing wraith (D:12)
  A komodo dragon (D:12)
  5 trolls
  2 hippogriffs (D:12)
  A slime creature (D:12)
  A centaur simulacrum (D:12)
  4 yaks
  A vampire (D:12)
  3 wyverns
  2 hungry ghosts (D:12)
  A soldier ant (D:12)
  A water moccasin (D:7)
  2 acid dragons (D:12)
  5 orc warriors
  4 ice beasts
  5 ogres
  A swamp drake (D:11)
  7 necrophages
  A black bear (D:9)
  A phantom (D:4)
  2 sky beasts (D:12)
  6 centaurs
  11 big kobolds
  3 crocodiles (D:11)
  8 bullfrogs
  A water moccasin zombie (D:12)
  A wyvern skeleton (D:11)
  A water moccasin skeleton (D:10)
  2 scorpions
  9 killer bees
  8 wights
  7 crimson imps
  A quasit (D:12)
  6 hounds
  3 jellies
  4 bullfrog skeletons
  7 orc priests
  5 centaur skeletons
  5 iguanas
  11 orc wizards
  A killer bee zombie (D:10)
  12 worker ants
  A hound skeleton (D:6)
  2 mummies (D:10)
  A worker ant zombie (D:5)
  7 adders
  2 gnolls (D:4)
  2 shadow imps
  2 oozes
  An adder skeleton (D:5)
  3 dart slugs
  2 worms
  A leopard gecko (D:4)
  45 orcs
  2 ball pythons
  10 bats
  9 giant cockroaches
  10 goblins
  16 hobgoblins
  7 jackals
  4 quokkas
  4 frilled lizards (D:2)
  A giant cockroach zombie (D:5)
  A jackal zombie (D:9)
  56 kobolds
  A quokka zombie (D:8)
  5 rats
383 creatures vanquished.

Notes
Turn   | Place    | Note
-------+----------+-------------------------------------------
     0 | D:1      | Krouwed the Ogre Berserker began the quest for the Orb.
     0 | D:1      | Reached XP level 1. HP: 24/24 MP: 1/1
    63 | D:1      | Reached XP level 2. HP: 25/32 MP: 2/2
   231 | D:1      | Reached skill level 1 in Throwing
   245 | D:1      | Reached XP level 3. HP: 40/40 MP: 3/3
   830 | D:2      | Reached ** piety under Trog
  1166 | D:2      | Found a hazy altar of Hepliaklqana.
  1540 | D:2      | Reached XP level 4. HP: 49/49 MP: 4/4
  1647 | D:3      | Reached skill level 5 in Fighting
  1647 | D:3      | Reached XP level 5. HP: 57/57 MP: 5/5
  2107 | D:3      | Found a sacrificial altar of Ru.
  2389 | D:4      | Reached *** piety under Trog
  2408 | D:4      | Reached XP level 6. HP: 49/66 MP: 6/6
  2535 | D:4      | Reached skill level 5 in Maces & Flails
  2814 | D:4      | Reached skill level 6 in Fighting
  3187 | D:4      | Noticed a phantom
  3262 | D:4      | Killed a phantom
  3262 | D:4      | Reached XP level 7. HP: 50/76 MP: 7/7
  3605 | D:4      | Reached skill level 7 in Fighting
  3932 | D:4      | Reached skill level 8 in Fighting
  3932 | D:4      | Reached XP level 8. HP: 47/88 MP: 8/8
  3938 | D:4      | Reached **** piety under Trog
  4421 | D:5      | Entered Level 5 of the Dungeon
  4615 | D:5      | Reached skill level 9 in Fighting
  4770 | D:5      | Found an iron altar of Okawaru.
  5223 | D:6      | Found Ricubb's Elemental Accessories.
  5303 | D:6      | HP: 3/92 [wight/+4 halberd (2)]
  5314 | D:6      | HP: 4/92 [wight/+4 halberd (1)]
  5316 | D:6      | HP: 1/92 [wight/+4 halberd (7)]
  6036 | D:6      | Found Buiq's General Store.
  6042 | D:6      | Bought a scroll of identify for 24 gold pieces
  6070 | D:6      | Reached skill level 10 in Fighting
  6088 | D:6      | Reached XP level 9. HP: 75/101 MP: 9/9
  6360 | D:6      | Received a gift from Trog
  7195 | D:7      | Found a staircase to the Ecumenical Temple.
  7196 | D:7      | Found Ofotaisor's Assorted Antiques.
  7245 | Temple   | Entered the Ecumenical Temple
  7565 | D:7      | Bought a scroll labeled JEUDATW DUOCK for 30 gold pieces
  7565 | D:7      | Bought a scroll of identify for 60 gold pieces
  7565 | D:7      | Bought a scroll labeled MEYNON UX LOA for 30 gold pieces
  7565 | D:7      | Bought a scroll labeled MEYNON UX LOA for 30 gold pieces
  7565 | D:7      | Bought a scroll of teleportation for 90 gold pieces
  7568 | D:7      | Found Vooso's Antique Weapon Shop.
  8009 | D:7      | Found a runed translucent door.
  8010 | D:7      | Noticed Crazy Yiuf
  8099 | D:7      | Got a polished mace
  8100 | D:7      | Identified the +8 mace of Rizet {drain, rPois Str+3 Dex-3}
                  | (You found it on level 7 of the Dungeon)
  8248 | D:7      | Found Joegecw's Jewellery Emporium.
  8268 | D:7      | Reached skill level 11 in Fighting
  8273 | D:7      | Bought a +2 amulet of reflection for 90 gold pieces
  8784 | D:8      | Reached skill level 5 in Throwing
  9293 | D:9      | Noticed a troll
  9298 | D:9      | Killed a troll
  9298 | D:9      | Reached XP level 10. HP: 70/115 MP: 10/10
  9475 | D:9      | Reached skill level 12 in Fighting
 10187 | D:10     | Entered Level 10 of the Dungeon
 10745 | D:10     | Received a gift from Trog
 10782 | D:10     | Got a dazzling dagger
 10786 | D:10     | Identified the +8 dagger "Sihutt" {pierce, rPois rN+} (You
                  | found it on level 10 of the Dungeon)
 11463 | D:11     | Noticed a red ugly thing
 11468 | D:11     | Killed a red ugly thing
 11468 | D:11     | Reached ***** piety under Trog
 11468 | D:11     | Reached skill level 13 in Fighting
 11505 | D:11     | Killed an unseen horror
 11505 | D:11     | Reached skill level 10 in Maces & Flails
 11505 | D:11     | Reached XP level 11. HP: 64/125 MP: 11/11
 11743 | D:11     | Noticed an eight-headed hydra
 11751 | D:11     | Killed an eight-headed hydra
 11880 | D:11     | Found a staircase to the Lair.
 12050 | D:11     | Noticed a cyclops
 12057 | D:11     | Killed a cyclops
 12214 | D:11     | Noticed a brown ugly thing
 12221 | D:11     | Killed a brown ugly thing
 12229 | D:11     | Noticed Snorg
 12242 | D:11     | Killed Snorg
 12245 | D:11     | Reached skill level 14 in Fighting
 12349 | D:11     | Noticed a seven-headed hydra
 12361 | D:11     | Killed a seven-headed hydra
 12917 | D:12     | Noticed a manticore
 12920 | D:12     | Killed a manticore
 12940 | D:12     | Killed an unseen horror
 12973 | D:12     | Noticed Jorgrun
 12973 | D:12     | Noticed a two-headed ogre
 12993 | D:12     | Killed Jorgrun
 12993 | D:12     | Reached XP level 12. HP: 73/140 MP: 12/12
 13003 | D:12     | Killed a two-headed ogre
 13386 | D:12     | Noticed a two-headed ogre
 13391 | D:12     | Killed a two-headed ogre
 13391 | D:12     | Reached skill level 15 in Fighting
 13803 | D:12     | Noticed a centaur warrior
 13812 | D:12     | Killed a centaur warrior
 13812 | D:12     | Reached skill level 10 in Throwing
 13831 | D:12     | Noticed a centaur warrior
 13836 | D:12     | Killed a centaur warrior
 13836 | D:12     | Reached skill level 5 in Dodging
 14274 | D:12     | Noticed a six-headed hydra
 14281 | D:12     | Killed a six-headed hydra
 14386 | D:12     | Received a gift from Trog
 14624 | D:12     | Reached skill level 1 in Evocations
 15221 | D:12     | Reached XP level 13. HP: 150/150 MP: 14/14
 15525 | D:12     | Found a transporter.
 15528 | D:12     | Identified the +1 spear "Oklayxes" {drain, +Rage rPois rF+
                  | Stlth+}
 15530 | D:12     | Found a staircase to the Orcish Mines.
 15530 | D:12     | Found a bloodstained altar of Trog.
 15530 | D:12     | Noticed firegrace's ghost (journeyman GrBe)
 16274 | D:12     | Identified the cursed +1 hand axe "Deph" {distort, Int+2}
 16274 | D:12     | Identified the +4 giant club of Tortfeasance {freeze, rElec
                  | rN+}
 16274 | D:12     | Noticed an ettin
 16282 | D:12     | Found a transporter.
 16372 | D:12     | Noticed Nergalle
 16391 | D:12     | Killed Nergalle
 16399 | D:12     | HP: 3/152 [red ugly thing (20)]
 16400 | D:12     | HP: 1/152 [poisoned by Nergalle]
 16400 | D:12     | Shot with an arrow by a centaur

Levels and vault maps discovered:
D:1:      tarquinn_simple_flora_water_e, layout_rooms,
          ebering_dispersal_statue_hall
D:2:      layout_loops_corners, lemuel_doored_altar
D:3:      layout_rooms, first_ration, nicolae_ru_great_annihilating_truth
D:4:      minmay_goblin_kobold_castle, layout_rooms
D:5:      layout_loops_corners, kennysheep_okawaru_gauntlet
D:6:      layout_cave_pods, serial_shops, kennysheep_mini_moat,
          nicolae_elemental_shop
D:7:      layout_basic, minmay_temple_entry_ruins, serial_shops, shop, shop,
          shop, grunt_ogre_cave, uniq_crazy_yiuf_cottage
D:8:      layout_basic, serial_glass, glass_columns_b, glass_columns_a,
          glass_columns_b, glass_columns_a, kennysheep_boxes
D:9:      layout_basic, minmay_misc_feat_secret_circle
D:10:     layout_loops_ring, serial_undead, serial_undead_b, serial_undead_d,
          serial_undead_d, serial_undead_a
D:11:     layout_irregular_city, erik_lair_dragon, uniq_snorg
D:12:     minmay_spiral_squares, layout_basic,
          gammafunk_ghost_wrathful_warriors, uniq_jorgrun, uniq_nergalle
Temple:   compressed_dpeg_triangle_lava_temple

Skill      XL: |  1  2  3  4  5  6  7  8  9 10 11 12 13 |
---------------+----------------------------------------+-----
Maces & Flails | 3 4 5 6 7 9 10 11 12 | 12.0
Throwing       | 1 2 5 7 9 10 | 10.7
Fighting       | 5 6 8 10 11 13 14 15 | 15.8
Dodging        | 4 5 6 |  6.2
Evocations     | 1 2 |  2.0

Action                   |  1- 3 |  4- 6 |  7- 9 | 10-12 | 13-15 || total
-------------------------+-------+-------+-------+-------+-------++-------
Melee: Mace              |    79 |       |    70 |   439 |    78 ||   666
       War axe           |    56 |   101 |       |       |       ||   157
       Giant spiked club |       |    49 |   319 |       |       ||   368
Throw: Dart              |     3 |     6 |    23 |       |       ||    32
       Boomerang         |       |       |    10 |       |       ||    10
       Large rock        |       |       |       |    23 |    14 ||    37
       Javelin           |       |       |       |     2 |       ||     2
       Throwing net      |       |       |       |     3 |       ||     3
Invok: Berserk           |       |     5 |     7 |     8 |     2 ||    22
       Trog's Hand       |       |     2 |     8 |     6 |       ||    16
Evoke: Wand              |       |       |       |     5 |       ||     5
  Use: Scroll            |     4 |     2 |    15 |     6 |     1 ||    28
       Potion            |       |     1 |     6 |     2 |       ||     9
 Stab: Paralysed         |       |     1 |       |       |       ||     1
       Held in net/web   |       |       |       |     3 |       ||     3
       Confused          |       |       |       |     1 |       ||     1
  Eat: Chunk             |     2 |     9 |    14 |    17 |     5 ||    47
       Ration            |       |     1 |     4 |     4 |       ||     9
Armor: Animal skin       |    58 |    64 |   113 |       |       ||   235
       Skin              |       |     4 |       |       |       ||     4
       Robe              |       |       |   100 |   132 |    30 ||   262
Dodge: Dodged            |    93 |   111 |   303 |   191 |    34 ||   732
Block: Other             |       |       |     3 |    41 |     5 ||    49
       Reflection        |       |       |       |       |     2 ||     2

Table legend:
 A = Non-vault XP
 B = Vault XP
 C = Vault XP percentage of total XP
 D = Non-vault monster count
 E = Vault monster count
 F = Vault count percentage of total count
                 A         B        C        D         E       F
            +---------+---------+-------+---------+---------+-------
      Total |   20817 |   15612 |  42.9 |     280 |     103 |  26.9
            +---------+---------+-------+---------+---------+-------
        D:1 |      40 |       0 |   0.0 |      22 |       0 |   0.0
        D:2 |      69 |       0 |   0.0 |      29 |       0 |   0.0
        D:3 |     152 |      39 |  20.4 |      24 |       4 |  14.3
        D:4 |     472 |     661 |  58.3 |      17 |      43 |  71.7
        D:5 |     453 |       3 |   0.7 |      19 |       2 |   9.5
        D:6 |     550 |       0 |   0.0 |      11 |       0 |   0.0
        D:7 |    1107 |     125 |  10.1 |      18 |       1 |   5.3
        D:8 |     825 |       0 |   0.0 |      20 |       0 |   0.0
        D:9 |    2188 |       0 |   0.0 |      28 |       0 |   0.0
       D:10 |     614 |     575 |  48.4 |      27 |       7 |  20.6
       D:11 |    6162 |    1858 |  23.2 |      29 |       7 |  19.4
       D:12 |    8185 |   12351 |  60.1 |      36 |      39 |  52.0
            +---------+---------+-------+---------+---------+-------
